 Dungeon Crawl Stone Soup version 0.25.1-2-g60ff931df9 (webtiles) character file.

Game seed: 11113856237926134732

1344 Joresh2 the Chiller (level 8, -2/56 HPs)
             Began as a Merfolk Ice Elementalist on Aug 29, 2020.
             Shot with an arrow by a centaur (9 damage)
             ... on level 5 of the Dungeon.
             The game lasted 00:36:47 (7568 turns).

Joresh2 the Chiller (Merfolk Ice Elementalist)      Turns: 7568, Time: 00:36:48

Health: -2/56      AC:  5    Str:  8    XL:     8   Next: 62%
Magic:  15/15      EV: 15    Int: 16    God:
Gold:   340        SH:  0    Dex: 15    Spells: 10/17 levels left

rFire    . . .     SeeInvis +   b - +1 dagger (elec)
rCold    . . .     Gourm    .   (no shield)
rNeg     . . .     Faith    .   h - +0 robe
rPois    .         Spirit   .   (no helmet)
rElec    .         Reflect  .   B - +0 cloak
rCorr    .         Harm     .   n - +0 pair of gloves
MR       .....                  G - +0 pair of boots (curse)
Stlth    +++.......             (no amulet)
HPRegen  0.18/turn              q - ring of see invisible
MPRegen  0.14/turn              (no ring)

@: no status effects
A: change form in water, swift swim, stealthy swim
a: no special abilities


You were on level 5 of the Dungeon.
You were hungry.

You visited 1 branch of the dungeon, and saw 5 of its levels.
You also visited: Ossuary.

You collected 340 gold pieces.

Inventory:

Hand Weapons
 a - a +0 hunting sling
 b - a +1 dagger of electrocution (weapon)
Missiles
 k - 13 sling bullets (quivered)
 l - 67 stones
 o - 39 poisoned darts
 y - 40 arrows
Armour
 h - a +0 robe (worn)
 n - a +0 pair of gloves (worn)
 B - a +0 cloak (worn)
 G - a cursed +0 pair of boots (worn)
Jewellery
 q - a ring of see invisible (left hand)
Wands
 s - a wand of paralysis (4)
 u - a wand of disintegration (16)
 F - a wand of polymorph (3)
Scrolls
 e - 5 scrolls of enchant weapon {unknown}
 f - 5 scrolls of teleportation {unknown}
 g - 11 scrolls of identify {unknown}
 t - 3 scrolls of noise {unknown}
 v - 2 scrolls of remove curse {unknown}
 z - 3 scrolls of enchant armour {unknown}
 D - 2 scrolls of magic mapping {unknown}
 E - 2 scrolls of fog {unknown}
Potions
 d - 2 potions of heal wounds {unknown}
 i - 2 potions of stabbing {unknown}
 j - 2 potions of mutation {unknown}
 m - a potion of brilliance {unknown}
 p - 3 potions of ambrosia {unknown}
 r - a potion of berserk rage {unknown}
 w - a potion of invisibility {unknown}
 x - a potion of might {unknown}
 A - 5 potions of curing {unknown}
 C - a potion of degeneration {unknown}
Comestibles
 c - 4 rations


   Skills:
 + Level 2.1 Fighting
 + Level 4.1 Short Blades
 + Level 1.6 Slings
 + Level 4.6 Dodging
 + Level 5.1 Stealth
 + Level 5.2 Spellcasting
 + Level 7.3 Ice Magic


You had 10 spell levels left.
You knew the following spells:

 Your Spells              Type           Power        Failure   Level  Hunger
a - Freeze                Ice            ####         1%          1    None
b - Frozen Ramparts       Ice            ####..       2%          3    ###....
c - Ozocubu's Armour      Chrm/Ice       ###.....     10%         3    ###....

Your spell library contained the following spells:

 Spells                   Type           Power        Failure   Level  Hunger
 Hailstorm                Conj/Ice       ###.....     32%         4    ####...
 Summon Ice Beast         Ice/Summ       ###.....     32%         4    ####...


Dungeon Overview and Level Annotations

Branches:
Dungeon (5/15)             Temple (0/1) D:4         Ossuary (visited)

Altars:
Makhleb
Beogh

Shops:
D:4 :   D:5 (

Annotations:
D:2 Sigmund
D:4 bookshop


Message History

You see here an arrow.
A centaur comes into view.
The centaur shoots an arrow.
The arrow misses you.
The centaur wields a +0 shortbow.
The centaur shoots an arrow.
The arrow hits you!
The centaur shoots an arrow.
The arrow hits you!
You see here an arrow.
The centaur shoots an arrow.
The arrow hits you.
* * * LOW HITPOINT WARNING * * *
The centaur shoots an arrow.
The arrow closely misses you.
The centaur shoots an arrow.
The arrow misses you.
The centaur shoots an arrow.
The arrow hits you!
* * * LOW HITPOINT WARNING * * *
The centaur shoots an arrow.
The arrow misses you.
You see here an arrow.
The centaur shoots an arrow.
The arrow barely misses you.
The centaur shoots an arrow.
The arrow misses you.
There is an open door here.
You see here 2 arrows.
The centaur shoots an arrow.
The arrow hits you!
You die...

#.....# #########
#.########........
#.#.....##........
#.#.....##........
#.#.....##........
#.#.....##........ #
#..((...##........
#.###......#........
#..@(.(....#........
#####((....#........
#....[.#........
#.....##........
#.......?.......
#.c.............
####..c.########
#....# #####
........ .....


You could see a centaur.

Vanquished Creatures
  An ice beast (D:5)
  A phantom (D:5)
  An ogre (D:5)
  A scorpion (D:4)
  A crimson imp (D:5)
  3 centaur zombies (Ossuary)
  2 bullfrog skeletons (D:5)
  A hound (D:2)
  4 orc priests
  7 orc wizards
  An iguana (D:5)
  3 worker ants
  2 ogre zombies (Ossuary)
  A hound skeleton (D:5)
  7 mummies (Ossuary)
  9 adders
  A howler monkey skeleton (D:4)
  5 shadow imps (D:5)
  An ooze (D:5)
  4 adder zombies (Ossuary)
  3 worms
  A dart slug (D:1)
  2 leopard geckos
  13 orcs
  4 giant cockroaches
  8 goblins
  11 hobgoblins
  3 kobolds (D:3)
  A quokka (D:2)
  2 ball pythons (D:3)
  5 bats
  6 frilled lizards
  5 goblin zombies (Ossuary)
  3 hobgoblin zombies (Ossuary)
  4 kobold zombies (Ossuary)
  A leopard gecko zombie (D:5)
  An orc zombie (Ossuary)
  A quokka skeleton (D:5)
  6 quokka zombies (Ossuary)
  8 rats
  2 rat zombies (Ossuary)
146 creatures vanquished.

Notes
Turn   | Place    | Note
-------+----------+-------------------------------------------
     0 | D:1      | Joresh2 the Merfolk Ice Elementalist began the quest for
                  | the Orb.
     0 | D:1      | Reached XP level 1. HP: 13/13 MP: 3/3
   349 | D:1      | Reached XP level 2. HP: 19/19 MP: 0/5
   681 | D:1      | Reached skill level 5 in Ice Magic
  1066 | D:2      | Reached XP level 3. HP: 24/24 MP: 3/6
  1456 | D:2      | Noticed Sigmund
  1849 | D:2      | Reached XP level 4. HP: 24/30 MP: 3/7
  1857 | D:2      | Learned a level 3 spell: Frozen Ramparts
  2144 | D:2      | Found a burning altar of Makhleb.
  2745 | D:3      | Reached XP level 5. HP: 23/36 MP: 5/9
  3305 | D:3      | Reached skill level 6 in Ice Magic
  3851 | D:3      | Found a roughly hewn altar of Beogh.
  3867 | D:3      | Reached XP level 6. HP: 42/42 MP: 5/11
  4014 | D:3      | Learned a level 3 spell: Ozocubu's Armour
  4015 | D:4      | Found a staircase to the Ecumenical Temple.
  4034 | D:4      | Reached skill level 1 in Short Blades
  4042 | D:4      | Reached skill level 1 in Fighting
  4256 | D:4      | Found a sand-covered staircase.
  4270 | Ossuary  | Entered an ossuary
  4314 | Ossuary  | Reached XP level 7. HP: 47/48 MP: 13/13
  5050 | Ossuary  | Reached skill level 1 in Slings
  5402 | D:4      | Found Yninnup's Book Emporium.
  6095 | D:5      | Entered Level 5 of the Dungeon
  6122 | D:5      | Found Moidaodu's Antique Weapon Shoppe.
  6446 | D:5      | Reached XP level 8. HP: 55/55 MP: 13/15
  6704 | D:5      | Reached skill level 7 in Ice Magic
  7019 | D:5      | Reached skill level 5 in Stealth
  7199 | D:5      | Reached skill level 5 in Spellcasting
  7568 | D:5      | Shot with an arrow by a centaur

Illustrated notes

Levels and vault maps discovered:
D:1:      ncdulo_wetmaze, layout_loops_ring
D:2:      layout_basic, first_ration, makhleb_heckhound_becter, uniq_sigmund
D:3:      layout_loops_ring, kennysheep_orc_chapel
D:4:      layout_layer_cave, minmay_temple_entry_butterflies, serial_shops,
          nicolae_shop_waterfront, nicolae_ossuary_entry_ruins
D:5:      kb_forest_paths, layout_basic, serial_shops,
          nicolae_shop_temple_entry_statues_fountains

Skill      XL: |  1  2  3  4  5  6  7  8 |
---------------+-------------------------+-----
Dodging        | 3 4 |  4.6
Ice Magic      | 5 6 7 |  7.3
Spellcasting   | 3 4 5 |  5.2
Short Blades   | 1 3 4 |  4.1
Fighting       | 1 2 |  2.1
Stealth        | 4 5 |  5.1
Slings         | 1 |  1.6

Action                   |  1- 3 |  4- 6 |  7- 9 || total
-------------------------+-------+-------+-------++-------
Melee: Unarmed           |     9 |       |       ||     9
       Dagger            |    15 |    64 |   198 ||   277
 Fire: Hunting sling     |       |       |    36 ||    36
 Cast: Freeze            |    47 |    80 |    27 ||   154
 Stab: Sleeping          |       |     2 |    15 ||    17
  Eat: Chunk             |     4 |     7 |     3 ||    14
       Ration            |       |       |     2 ||     2
Armor: Robe              |     9 |    15 |    31 ||    55
Dodge: Dodged            |    40 |    69 |   103 ||   212
